 Dungeon Crawl Stone Soup version 0.30-a0-605-gb2882149bf (webtiles) character file.

Game seed: 2089841398453709996

74 acebull12 the Grave Robber (level 4, -2/30 HPs)
             Began as a Demonspawn Necromancer on Jan 7, 2023.
             Slain by an orc wizard
             ... wielding a +0 dagger
              (3 damage)
             ... on level 3 of the Dungeon.
             The game lasted 00:07:35 (2328 turns).

acebull12 the Grave Robber (Demonspawn Necromancer) Turns: 2328, Time: 00:07:35

Health: -2/30      AC:  3    Str:  8    XL:     4   Next: 10%
Magic:  8/8        EV: 12    Int: 19    God:
Gold:   93         SH:  0    Dex: 13    Spells: 7/8 levels left

rFire   . . .      SeeInvis .    f - +0 short sword
rCold   . . .      Faith    .    (no shield)
rNeg    . . .      Spirit   .    a - +0 robe
rPois   .          Reflect  .    (helmet restricted)
rElec   .          Harm     .    (no cloak)
rCorr   .          Rampage  .    j - +0 pair of gloves
Will    .....                    (no boots)
Stlth   +                        i - amulet of magic regeneration
HPRegen 0.25/turn                c - ring of wizardry
MPRegen 0.51/turn                (no ring)

@: confused
A: horns 2, condensation shield
a: no special abilities


You were on level 3 of the Dungeon.
You visited 1 branch of the dungeon, and saw 3 of its levels.

You collected 93 gold pieces.

Inventory:

Hand Weapons
 f - a +0 short sword (weapon)
Armour
 a - a +0 robe (worn)
 j - a +0 pair of gloves (worn)
Jewellery
 c - a ring of wizardry (left hand)
 i - an amulet of magic regeneration (around neck)
Wands
 m - a wand of flame (15)
Scrolls
 d - a scroll of blinking {unknown}
 g - 2 scrolls of magic mapping {unknown}
 h - a scroll of fog {unknown}
 l - a scroll of identify {unknown}
Potions
 b - a potion of magic
 e - a potion of resistance {unknown}
 k - a potion of degeneration {unknown}


   Skills:
 * Level 0.7 Armour
 + Level 1.7 Dodging
 + Level 1.8 Stealth
 * Level 2.9 Spellcasting
 * Level 5.4 Necromancy


You had 7 spell levels left.
You knew the following spells:

 Your Spells              Type           Power      Damage    Failure   Level
a - Necrotise             Necr           92%        1d8       1%          1

Your spell library contained the following spells:

 Spells                   Type           Power      Damage    Failure   Level
 Sublimation of Blood     Necr           23%        N/A       1%          2
 Vampiric Draining        Necr           23%        2d7       1%          3
 Animate Dead             Necr           23%        N/A       6%          4
 Wereblood                Tmut           2%         N/A       10%         2
 Agony                    Necr           23%        N/A       17%         5
 Ignite Poison            Fire/Tmut/Pois 2%         N/A       19%         3
 Sticky Flame             Conj/Fire      2%         2d3       50%         4
 Summon Hydra             Summ           1%         N/A       100%        7
 Ignition                 Fire           1%         3d3       100%        8


Dungeon Overview and Level Annotations

Branches:
Dungeon (3/15)

Altars:


Innate Abilities, Weirdness & Mutations

You have a pair of horns on your head.
A meltable shield of frost defends you. (SH +4)


Message History

You bump into the rock wall.
Something hits you but does no damage.
Your orc skeleton closely misses something.
You bump into the rock wall.
Something hits you.
* * * LOW HITPOINT WARNING * * *
You hear some strange, mumbled words.
You are more confused.
Are you sure you want to stumble around while confused and next to your orc skeleton? [Y]es or [N]o only, please.
Are you sure you want to stumble around while confused and next to your orc skeleton? [Y]es or [N]o only, please.
Are you sure you want to stumble around while confused and next to your orc skeleton?
Something hits you but does no damage.
There is a strange disturbance nearby!
There is a strange disturbance nearby!
Are you sure you want to stumble around while confused and next to your orc skeleton? [Y]es or [N]o only, please.
Are you sure you want to stumble around while confused and next to your orc skeleton? [Y]es or [N]o only, please.
Are you sure you want to stumble around while confused and next to your orc skeleton? [Y]es or [N]o only, please.
Are you sure you want to stumble around while confused and next to your orc skeleton? [Y]es or [N]o only, please.
Are you sure you want to stumble around while confused and next to your orc skeleton? [Y]es or [N]o only, please.
Are you sure you want to stumble around while confused and next to your orc skeleton?
You barely miss something.
Your orc skeleton crumbles into dust!
You hear some strange, mumbled words.
A magic dart appears from out of thin air!
The magic dart hits you.
* * * LOW HITPOINT WARNING * * *
Unknown command.
Unknown command.
Unknown command.
Unknown command.
Unknown command.
You're too confused to move!
An orc wizard appears from thin air!
Reactivating autopickup.
The orc wizard hits you with a +0 dagger.
You die...

.>#...... #.# # #.#
.... #.# #
#.#.##.#########.# #
#.#..............# #
.#####.####)###########
# ............## #
#)........# #
#.........# #
#....)..o@# #
#..#.)...$...# #
#..$........# #
##.#..!....## #
#.#.......# #
#.........# #
##........# #
#.#+###### # #. #


You could see an orc wizard.

Vanquished Creatures
  3 adders (D:2)
  A worm (D:3)
  2 dart slugs
  5 orcs (D:3)
  3 endoplasms
  3 goblins
  2 hobgoblins
  2 jackals (D:2)
  2 quokkas (D:2)
  4 ball pythons
  2 bats (D:2)
  2 frilled lizards (D:1)
  4 kobolds
  2 rats
37 creatures vanquished.

Notes
Turn   | Place    | Note
-------+----------+-------------------------------------------
     0 | D:1      | acebull12 the Demonspawn Necromancer began the quest for
                  | the Orb.
     0 | D:1      | Reached XP level 1. HP: 13/13 MP: 3/3
   487 | D:1      | Gained mutation: You have a pair of small horns on your
                  | head. [demonic ancestry]
   487 | D:1      | Reached XP level 2. HP: 19/19 MP: 1/5
  1097 | D:2      | Reached skill level 5 in Necromancy
  1219 | D:2      | Gained mutation: A meltable shield of frost defends you.
                  | (SH +4) [demonic ancestry]
  1219 | D:2      | Reached XP level 3. HP: 24/24 MP: 2/6
  2279 | D:3      | Gained mutation: You have a pair of horns on your head.
                  | [demonic ancestry]
  2279 | D:3      | Reached XP level 4. HP: 30/30 MP: 6/8
  2327 | D:3      | HP: 1/30 [something/magic dart (2)]
  2328 | D:3      | Slain by an orc wizard

Illustrated notes

Levels and vault maps discovered:
D:1:      kilobyte_arrival_exit_the_forest, layout_loops_ring
D:2:      layout_basic
D:3:      layout_basic, mainiacjoe_overflow_paths, uniq_ijyb

Skill      XL: |  1  2 |
---------------+-------+-----
Necromancy     | 5 |  5.4
Armour         | |  0.7
Dodging        | |  1.7
Stealth        | |  1.8
Spellcasting   | |  2.9

Action                   |  1- 3 |  4- 6 || total
-------------------------+-------+-------++-------
Melee: Unarmed           |     8 |       ||     8
       Short sword       |    32 |    20 ||    52
       Headbutt          |     6 |       ||     6
 Cast: Necrotise         |    52 |     7 ||    59
Armor: Robe              |     3 |    14 ||    17
Dodge: Dodged            |    14 |       ||    14
Block: Other             |     8 |     3 ||    11

Table legend: (Time is in decaauts)
 A = Elapsed time spent in this place.
 B = Non-inter-level travel time spent in this place.
 C = Inter-level travel time spent in this place.
 D = Time resting spent in this place.
 E = Time spent auto-exploring this place.
 F = Levels seen in this place.
 G = Mean time per level.
                   A        B        C        D        E       F      G
               +--------+--------+--------+--------+--------+-----+--------+
         Total |   2333 |   2166 |    167 |    138 |   1683 |   3 |  777.7 |
       Dungeon |   2333 |   2166 |    167 |    138 |   1683 |   3 |  777.7 |
               +--------+--------+--------+--------+--------+-----+--------+

Top non-repeatable levels by time:
     D:1: 1080 daAuts
     D:2: 1051 daAuts
     D:3: 200 daAuts
